 Dungeon Crawl Stone Soup version 0.28.0 (webtiles) character file.

Game seed: 11788649905489689587

114 randomguy2701 the Chiller (level 5, -4/36 HPs)
             Began as a Human Ice Elementalist on Feb 7, 2022.
             Was a Follower of the Shining One.
             Killed themself with a badly aimed iceblast (9 damage)
             ... on level 4 of the Dungeon.
             The game lasted 00:21:21 (4696 turns).

randomguy2701 the Chiller (Human Ice Elementalist)  Turns: 4696, Time: 00:21:24

Health: -4/36      AC:  2    Str: 11    XL:     5   Next: 18%
Magic:  1/9        EV: 27    Int: 15    God:    the Shining One [*.....]
Gold:   113        SH:  6    Dex: 13    Spells: 5/9 levels left

rFire   . . .      SeeInvis .   f - +0 mace
rCold   . . .      Faith    .   (no shield)
rNeg    . . .      Spirit   .   a - +0 robe
rPois   .          Reflect  .   (no helmet)
rElec   .          Harm     .   (no cloak)
rCorr   .          Rampage  .   (no gloves)
Will    .....                   (no boots)
Stlth   +.........              p - amulet of the acrobat
HPRegen 0.12/turn               (no ring)
MPRegen 0.11/turn               (no ring)

@: divinely shielded, acrobatic, glowing
A: no striking features
a: Renounce Religion, Divine Shield


You were on level 4 of the Dungeon.
You worshipped the Shining One.
The Shining One was aware of your devotion.
You visited 1 branch of the dungeon, and saw 4 of its levels.

You collected 113 gold pieces.

Inventory:

Hand Weapons
 c - a +0 whip
 d - a +0 short sword
 f - a +0 mace (weapon)
 q - a +2 short sword of draining
Armour
 a - a +0 robe (worn)
Magical Staves
 l - a staff of poison
Jewellery
 p - an amulet of the acrobat (around neck)
 r - an amulet of faith
Wands
 s - a wand of iceblast (11)
Scrolls
 b - a scroll of magic mapping {unknown}
 e - a scroll of summoning {unknown}
 g - 2 scrolls of vulnerability {unknown}
 h - 2 scrolls of immolation
 j - 3 scrolls of identify {unknown}
 k - 2 scrolls of fog {unknown}
 u - a scroll of blinking {unknown}
Potions
 i - 2 potions of lignification {unknown}
 m - a potion of might {unknown}
 n - a potion of mutation {unknown}
 o - a potion of berserk rage {unknown}
 t - a potion of attraction {unknown}


   Skills:
 + Level 0.4 Fighting
 + Level 1.0 Maces & Flails
 + Level 2.4 Dodging
 + Level 2.3 Stealth
 + Level 2.7 Spellcasting
 + Level 5.0 Ice Magic


You had 5 spell levels left.
You knew the following spells:

 Your Spells              Type           Power      Damage    Failure   Level
a - Freeze                Ice            68%        1d8       2%          1
b - Ozocubu's Armour      Ice            17%        N/A       8%          3

Your spell library contained the following spells:

 Spells                   Type           Power      Damage    Failure   Level
 Frozen Ramparts          Ice            34%        1d5       8%          3
 Conjure Flame            Conj/Fire      2%         6-21      52%         3
 Ignite Poison            Fire/Tmut/Pois 2%         N/A       52%         3
 Hailstorm                Conj/Ice       9%         3d4       58%         4
 Sticky Flame             Conj/Fire      2%         2d3       90%         4


Dungeon Overview and Level Annotations

Branches:
Dungeon (4/15)
 Temple: D:4-7

Altars:
Ashenzari
Elyvilon
Sif Muna
The Shining One

Shops:
D:2 (


Message History

You freeze the adder.
The adder is severely wounded.
The adder seems to slow down.
The jelly barely misses you. The hobgoblin hits you.
* * * LOW HITPOINT WARNING * * *
You block the adder's attack. The orc hits you with a +0 flail.
* * * LOW HITPOINT WARNING * * *
Casting: Freeze (safe; 2% risk of failure)
Confirm with . or Enter, or press ? or * to list all spells.
Aiming: Freeze (safe; 2% risk of failure)
Press: ? - help, Shift-Dir - straight line, f/p - adder
Aim: an adder (severely wounded, slow, haloed)
You freeze the adder.
You kill the adder!
The jelly closely misses you.
The endoplasm jiggles.
The hobgoblin closely misses you. You block the orc's attack.
Your Maces & Flails skill increases to level 1!
The jelly completely misses you.
Found a stone staircase leading down.
Found 10 gold pieces.
You open the door.
A quokka comes into view.
The hobgoblin hits you but does no damage.
Found 16 gold pieces.
There is an open door here.
Okay, then.
Aiming: Iceblast
Press: ? - help, Q - select action, (/) - cycle Shift-Dir - straight line That beam is likely to hit you.
Continue anyway?
Uppercase [Y]es or [N]o only, please.
That beam is likely to hit you.
Continue anyway?
The mass of ice explodes!
The iceblast engulfs the hobgoblin!
You kill the hobgoblin!
The iceblast engulfs the jelly!
You kill the jelly!
The iceblast engulfs the orc!
You kill the orc!
The iceblast engulfs you!
You die...

+## #.. ## #..
##...+.r+###+###+
$...#..#$......#
...#..#@......# ..
##>###'###+###+ .. #...
#...>.)##.....
..###.#.##.............
...#..#..#...J....###.#
.........#........#
.....#..#......#.....
.. ...##.....<.###....
....#.#..(.....###....#


You could see an endoplasm.

Vanquished Creatures
  A hound (D:3)
  A jelly (D:4)
  An adder (D:4)
  A worm (D:2)
  A dart slug (D:1)
  3 orcs (D:4)
  10 bats
  5 endoplasms
  2 giant cockroaches
  4 goblins
  9 hobgoblins
  6 jackals
  2 quokkas
  2 ball pythons
  4 frilled lizards
  10 kobolds
  6 rats
68 creatures vanquished.

Notes
Turn   | Place    | Note
-------+----------+-------------------------------------------
     0 | D:1      | randomguy2701 the Human Ice Elementalist began the quest
                  | for the Orb.
     0 | D:1      | Reached XP level 1. HP: 13/13 MP: 3/3
     1 | D:1      | Found a white marble altar of Elyvilon.
   403 | D:1      | Reached XP level 2. HP: 17/19 MP: 0/5
  1105 | D:1      | Reached XP level 3. HP: 12/24 MP: 0/6
  1119 | D:1      | Found a faded altar of an unknown god.
  1579 | D:1      | Prayed at the altar of an unknown god.
  1579 | D:1      | Became a worshipper of the Shining One
  1579 | D:1      | Reached * piety under the Shining One
  2287 | D:2      | Found Gadassen's Weapon Boutique.
  2347 | D:2      | Found a broken altar of Ashenzari.
  2748 | D:2      | Learned a level 3 spell: Ozocubu's Armour
  2914 | D:2      | Reached XP level 4. HP: 23/30 MP: 4/7
  3277 | D:3      | Reached skill level 5 in Ice Magic
  3667 | D:3      | Found a shimmering blue altar of Sif Muna.
  4020 | D:3      | Reached XP level 5. HP: 36/36 MP: 9/9
  4684 | D:4      | Reached skill level 1 in Maces & Flails
  4696 | D:4      | Killed themself with a badly aimed iceblast

Illustrated notes

Levels and vault maps discovered:
D:1:      sevenhm_arrival_forest_fort_small_6, layout_basic,
          hellmonk_ecumenical_altar_blasted
D:2:      layout_loops_cross, serial_glass, glass_columns_b, glass_columns_b,
          glass_columns_a, glass_columns_a, glass_columns_c, glass_columns_a,
          glass_columns_b, glass_columns_b, due_unseen_surprise,
          item_on_display_a, item_on_display_a, item_on_display_b, basic_altar,
          serial_shops, nicolae_shop_bloodbath_and_beyond, serial_park_tiny_1,
          uniq_crazy_yiuf_cottage
D:3:      layout_loops_ring, nicolae_sif_muna_condensation,
          minmay_misc_feat_enclosed, chequers_jeans, serial_park_tiny_2
D:4:      layout_cave_pools, mainiacjoe_overflow_24_doors, old_standard_altar,
          chequers_serial_rivers_room_a, hangedman_decor_growths

Skill      XL: |  1  2  3  4  5 |
---------------+----------------+-----
Ice Magic      | 5 |  5.0
Maces & Flails | 1 |  1.0
Fighting       | |  0.4
Dodging        | |  2.4
Stealth        | |  2.3
Spellcasting   | |  2.7

Action                   |  1- 3 |  4- 6 || total
-------------------------+-------+-------++-------
Melee: Whip              |    65 |    10 ||    75
       Mace              |       |    31 ||    31
       Punch             |       |     2 ||     2
 Cast: Freeze            |    36 |    18 ||    54
Invok: Divine Shield     |       |     2 ||     2
 Stab: Sleeping          |     1 |       ||     1
Armor: Robe              |    22 |    13 ||    35
Dodge: Dodged            |    63 |    55 ||   118
Block: Other             |       |     3 ||     3
